 Dungeon Crawl Stone Soup version 0.22-a0-246-gdc04c06 (webtiles) character file.

195 Azzok the Firebug (level 5, -3/28 HPs)
             Began as a Gargoyle Fire Elementalist on Feb 22, 2018.
             Slain by Syneil's ghost (8 damage)
             ... on level 3 of the Dungeon.
             The game lasted 00:06:42 (3352 turns).

Azzok the Firebug (Gargoyle Fire Elementalist)      Turns: 3352, Time: 00:06:43

Health: -3/28      AC:  7    Str: 11    XL:     5   Next: 74%
Magic:  3/10       EV: 12    Int: 17    God:
Gold:   153        SH:  0    Dex: 10    Spells: 2/10 levels left

rFire    . . .     SeeInvis .   (no weapon)
rCold    . . .     Gourm    .   (no shield)
rNeg     + . .     Faith    .   a - +0 robe
rPois    ∞         Spirit   .   (no helmet)
rElec    +         Reflect  .   (no cloak)
rCorr    .         Harm     .   d - +0 pair of gloves
MR       .....     Rnd*Tele +   (no boots)
Stlth    ++........             (no amulet)
HPRegen  0.09/turn              o - ring of teleportation (curse)
MPRegen  0.12/turn              c - ring of flight

@: very slightly contaminated
A: negative energy resistance 1, electricity resistance, unbreathing,
petrification resistance, rot immunity, AC +4
a: Evoke Flight


You were on level 3 of the Dungeon.
You were not hungry.

You visited 1 branch of the dungeon, and saw 3 of its levels.

You collected 153 gold pieces.

Inventory:

Missiles
 g - 69 stones (quivered)
Armour
 a - a +0 robe (worn)
 d - a +0 pair of gloves (worn)
Jewellery
 c - a ring of flight (right hand)
 o - a cursed ring of teleportation (left hand)
Wands
 j - a wand of random effects (21)
Scrolls
 h - a scroll of teleportation
 k - a scroll of amnesia
Potions
 e - 3 potions of curing {unknown}
 i - 4 potions of heal wounds {unknown}
 l - a potion of invisibility {unknown}
 m - a potion of lignification {unknown}
Comestibles
 b - 4 rations
 n - 2 chunks of flesh


   Skills:
 - Level 1.5 Dodging
 - Level 2.1 Stealth
 + Level 3.4 Spellcasting
 + Level 3.4 Conjurations
 + Level 4.3 Fire Magic


You had 2 spell levels left.
You knew the following spells:

 Your Spells              Type           Power        Failure   Level  Hunger
a - Flame Tongue          Conj/Fire      ###..        3%          1    None
b - Conjure Flame         Conj/Fire      ###.....     10%         3    ###....
c - Sticky Flame          Conj/Fire      ###.....     32%         4    ####...


Dungeon Overview and Level Annotations

Branches:
Dungeon (3/15)

Altars:
Xom

Annotations:
D:3 Syneil's ghost, amateur GnWn


Innate Abilities, Weirdness & Mutations

You are resistant to torment.
Your stone body is resilient. (AC +4)
You are immune to poison.
You resist negative energy. (rN+)
You are resistant to electric shocks. (rElec)
You can survive without breathing.
You are immune to petrification.
You are immune to rotting.


Message History

Syneil's ghost casts a spell at you. The magic dart hits you!
Casting: Flame Tongue (safe; 3% risk of failure)
Confirm with . or Enter, or press ? or * to list all spells.
Aiming: Flame Tongue (safe; 3% risk of failure)
Press: ? - help, Shift-Dir - straight line, f/p - Syneil's ghost
Aim: Syneil's ghost (lightly damaged)
You miscast Flame Tongue.
You are very lightly contaminated with residual magic.
Wisps of smoke drift from your hands. Syneil's ghost casts a spell at you.
The magic dart hits you!
* * * LOW HITPOINT WARNING * * *
Casting: Flame Tongue (safe; 3% risk of failure)
Confirm with . or Enter, or press ? or * to list all spells.
Aiming: Flame Tongue (safe; 3% risk of failure)
Press: ? - help, Shift-Dir - straight line, f/p - Syneil's ghost
Aim: Syneil's ghost (lightly damaged)
The flame tongue misses Syneil's ghost.
Syneil's ghost hits you!
You die...

···········▒▒▒▒······▒▒·····▒
▒····················'······▒
▒··········▒▒▒▒▒▒▒···▒▒·····▒
········(··▒ ▒···▒▒·····▒
···········▒ ▒▒▒▒···▒▒▒▒▒▒·▒
···········▒ ▒······▒
░░░·▒▒▒▒▒ ···········▒
▒······▒ ░◦◦······
·····▒▒▒▒▒·▒ ▒······▒
░◦◦······ ·····▒
▒·▒▒▒▒$@··▒▒▒▒▒▒········
·····▒
▒·▒▒?··W················
·····▒
▒·▒▒·▒····▒▒▒▒▒▒········
▒▒·▒▒▒
▒·▒▒·▒····▒░░░░░◦◦······ ▒·▒▒
▒·▒▒◦▒·····◦◦◦◦░◦◦······ ▒··▒
▒·▒░◦▒······◦◦◦░◦◦······
▒▒▒·▒
▒·▒░◦▒·······◦◦░◦◦······
▒▒▒·▒
▒·▒░◦▒········◦░◦◦······
▒···▒
▒·▒░◦▒·······◦◦░░░▒▒▒▒▒▒


You could see Syneil's ghost.

Vanquished Creatures
  A howler monkey (D:3)
  An iguana (D:3)
  5 adders
  A gnoll (D:1)
  3 worms
  2 dart slugs
  2 leopard geckos
  6 bats
  2 giant cockroaches
  4 goblins
  9 hobgoblins
  5 jackals
  9 kobolds
  3 ball pythons
  5 frilled lizards
  6 rats
64 creatures vanquished.

Notes
Turn   | Place    | Note
-------+----------+-------------------------------------------
     0 | D:1      | Azzok the Gargoyle Fire Elementalist began the quest for the Orb.
     0 | D:1      | Reached XP level 1. HP: 10/10 MP: 3/3
   245 | D:1      | Reached XP level 2. HP: 15/15 MP: 3/5
   431 | D:1      | Reached XP level 3. HP: 18/19 MP: 2/6
  1362 | D:2      | Reached XP level 4. HP: 24/24 MP: 2/8
  1811 | D:2      | Learned a level 3 spell: Conjure Flame
  1816 | D:2      | Learned a level 4 spell: Sticky Flame
  2119 | D:3      | Noticed Syneil's ghost (amateur GnWn)
  2428 | D:3      | Reached skill level 4 in Fire Magic
  2495 | D:3      | HP: 1/24 [Syneil's ghost/magic dart (7)]
  2836 | D:3      | Reached XP level 5. HP: 28/28 MP: 6/9
  3038 | D:3      | Found a shimmering altar of Xom.
  3352 | D:3      | Slain by Syneil's ghost

Vault maps used:
D:1:      dpeg_arrival_shelter
D:2:      kennysheep_six_static_rooms, first_ration
D:3:      nicolae_overflow_crystal_walls,
          chequers_temple_overflow_statue_of_worship

Skill      XL: |  1  2  3  4 |
---------------+-------------+-----
Conjurations   | 2 3 |  3.4
Spellcasting   | 3 |  3.4
Fire Magic     | 4 |  4.3
Dodging        | |  1.5
Stealth        | |  2.1

Action                   |  1- 3 |  4- 6 || total
-------------------------+-------+-------++-------
Melee: Unarmed           |     7 |     7 ||    14
 Cast: Flame Tongue      |    51 |    75 ||   126
       Conjure Flame     |       |     1 ||     1
  Use: Scroll            |       |     3 ||     3
  Eat: Chunk             |     1 |     7 ||     8
Armor: Robe              |     7 |    14 ||    21
Dodge: Dodged            |    22 |    29 ||    51

Table legend:
 A = Spawn XP
 B = Non-spawn XP
 C = Spawn XP percentage of total XP
 D = Spawn monster count
 E = Non-spawn monster count
 F = Spawn count percentage of total count
 G = Total turns spent on level
                    A         B        C        D         E        F      G
               +---------+---------+-------+---------+---------+-------+---------
         Total |       0 |     279 |   0.0 |       0 |      64 |   0.0 |  3352
               +---------+---------+-------+---------+---------+-------+---------
           D:1 |       0 |      57 |   0.0 |       0 |      27 |   0.0 |  1218
           D:2 |       0 |      76 |   0.0 |       0 |      26 |   0.0 |  1406
           D:3 |       0 |     146 |   0.0 |       0 |      11 |   0.0 |   728
               +---------+---------+-------+---------+---------+-------+---------
